 Dungeon Crawl Stone Soup version 0.29-a0-925-g0a7a3d12f8 (webtiles) character file.

Game seed: 9945578163554678971

95 pascalblue the Grave Robber (level 4, -1/24 HPs)
             Began as a Deep Elf Necromancer on July 26, 2022.
             Slain by a phantom (4 damage)
             ... on level 3 of the Dungeon on July 28, 2022.
             The game lasted 00:08:41 (2289 turns).

pascalblue the Grave Robber (Deep Elf Necromancer)  Turns: 2289, Time: 00:08:41

Health: -1/24      AC:  4    Str:  5    XL:     4   Next: 39%
Magic:  12/12      EV: 12    Int: 22    God:
Gold:   160        SH:  0    Dex: 15    Spells: 8/12 levels left

rFire   . . .      SeeInvis .   m - +0 dagger (speed)
rCold   . . .      Faith    .   (no shield)
rNeg    . . .      Spirit   .   a - +0 robe
rPois   .          Reflect  .   (no helmet)
rElec   .          Harm     .   i - +0 cloak
rCorr   .          Rampage  .   (no gloves)
Will    .....                   k - +0 pair of boots
Stlth   ++........              (no amulet)
HPRegen 0.08/turn               (no ring)
MPRegen 0.13/turn               (no ring)

@: no status effects
A: no striking features
a: no special abilities


You were on level 3 of the Dungeon.
You visited 1 branch of the dungeon, and saw 3 of its levels.

You collected 160 gold pieces.

Inventory:

Hand Weapons
 e - a +0 short sword
 m - a +0 dagger of speed (weapon)
Missiles
 f - 9 javelins
 o - 6 curare-tipped darts
Armour
 a - a +0 robe (worn)
 i - a +0 cloak (worn)
 k - a +0 pair of boots (worn)
Magical Staves
 h - a staff of fire
Jewellery
 l - an amulet of guardian spirit
Scrolls
 g - 3 scrolls of identify
 j - a scroll of blinking {unknown}
 p - a scroll of amnesia {unknown}
Potions
 b - a potion of magic
 c - a potion of mutation
 d - 3 potions of might
 n - a potion of brilliance {unknown}


   Skills:
 - Level 2.4 Dodging
 - Level 2.4 Stealth
 + Level 4.8 Spellcasting
 + Level 6.1 Necromancy


You had 8 spell levels left.
You knew the following spells:

 Your Spells              Type           Power      Damage    Failure   Level
a - Necrotise             Necr           100%       1d9       1%          1
b - Vampiric Draining     Necr           32%        2d8       2%          3

Your spell library contained the following spells:

 Spells                   Type           Power      Damage    Failure   Level
 Animate Dead             Necr           32%        N/A       9%          4
 Agony                    Necr           32%        N/A       22%         5


Dungeon Overview and Level Annotations

Branches:
Dungeon (3/15)

Altars:


Message History

You barely miss the phantom.
The phantom is moderately damaged.
The phantom closely misses you.
You hit the phantom.
The phantom is heavily damaged.
You hit the phantom.
The phantom is heavily damaged.
The phantom misses you.
You hit the phantom.
The phantom is severely damaged.
The phantom hits you but does no damage.
You hit the phantom but do no damage.
The phantom is severely damaged.
You closely miss the phantom.
The phantom is severely damaged.
The phantom hits you.
* * * LOW HITPOINT WARNING * * *
The phantom blinks!
You blink.
You closely miss the phantom.
The phantom is severely damaged.
The phantom closely misses you.
You closely miss the phantom.
The phantom is severely damaged.
You hit the phantom.
The phantom is severely damaged.
The phantom hits you.
* * * LOW HITPOINT WARNING * * *
The phantom blinks!
You blink.
You hit the phantom but do no damage.
The phantom is severely damaged.
The phantom barely misses you.
You barely miss the phantom.
The phantom is severely damaged.
You hit the phantom but do no damage.
The phantom is severely damaged.
The phantom misses you.
You hit the phantom.
The phantom is severely damaged.
The phantom hits you.
You die...

#. #. #. #.
############## #.
#............. #.
#.####.#.##.##
#.####.####.#.##.#
#W@...........##<#
######<####.####.#
#.####.####.#
#...........#
#############


You could see a phantom.

Vanquished Creatures
  Terence (D:3)
  A gnoll (D:1)
  An adder (D:2)
  A worm (D:3)
  An orc (D:3)
  6 ball pythons
  4 bats (D:1)
  4 endoplasms
  7 goblins
  4 hobgoblins
  A quokka (D:1)
  4 frilled lizards
  2 kobolds (D:2)
  7 rats
44 creatures vanquished.

Vanquished Creatures (collateral kills)
  A hobgoblin (D:1)
1 creature vanquished.

Vanquished Creatures (others)
  A fungus (D:1)
1 creature vanquished.

Grand Total: 46 creatures vanquished

Notes
Turn   | Place    | Note
-------+----------+-------------------------------------------
     0 | D:1      | pascalblue the Deep Elf Necromancer began the quest for the
                  | Orb.
     0 | D:1      | Reached XP level 1. HP: 10/10 MP: 6/6
    17 | D:1      | Noticed a salamander
    17 | D:1      | Noticed a swamp worm
    17 | D:1      | Noticed a rime drake
    18 | D:1      | Noticed a polar bear
    18 | D:1      | Noticed an iguana
    56 | D:1      | Reached skill level 5 in Necromancy
   131 | D:1      | Reached XP level 2. HP: 15/15 MP: 5/8
   472 | D:1      | Reached XP level 3. HP: 19/19 MP: 8/10
   476 | D:1      | Learned a level 3 spell: Vampiric Draining
   504 | D:1      | Found a faded altar of an unknown god.
  1095 | D:2      | Upgraded the game from 0.29-a0-919-gd064cfad1c to
                  | 0.29-a0-925-g0a7a3d12f8
  1333 | D:2      | Reached skill level 6 in Necromancy
  1885 | D:3      | Reached XP level 4. HP: 24/24 MP: 4/12
  1889 | D:3      | Noticed Terence
  1900 | D:3      | Killed Terence
  2240 | D:3      | Noticed a phantom
  2289 | D:3      | Slain by a phantom

Illustrated notes

Levels and vault maps discovered:
D:1:      onia_arrival_zoo_common, layout_loops_ring,
          shapermc_ecumenical_altar_mp_urbaneastern
D:2:      layout_basic, minmay_misc_feat_pillars
D:3:      layout_loops_cross, uniq_terence

Skill      XL: |  1  2  3 |
---------------+----------+-----
Necromancy     | 5 6 |  6.1
Spellcasting   | 4 |  4.8
Dodging        | |  2.4
Stealth        | |  2.4

Action                   |  1- 3 |  4- 6 || total
-------------------------+-------+-------++-------
Melee: Short sword       |     3 |       ||     3
       Dagger            |       |    32 ||    32
 Cast: Necrotise         |    75 |     7 ||    82
  Use: Scroll            |     3 |       ||     3
Armor: Robe              |     3 |     3 ||     6
Dodge: Dodged            |    16 |    13 ||    29

Table legend: (Time is in decaauts)
 A = Elapsed time spent in this place.
 B = Non-inter-level travel time spent in this place.
 C = Inter-level travel time spent in this place.
 D = Time resting spent in this place.
 E = Time spent auto-exploring this place.
 F = Levels seen in this place.
 G = Mean time per level.
                   A        B        C        D        E       F      G
               +--------+--------+--------+--------+--------+-----+--------+
         Total |   2277 |   2179 |     98 |      0 |   1734 |   3 |  759.0 |
       Dungeon |   2277 |   2179 |     98 |      0 |   1734 |   3 |  759.0 |
               +--------+--------+--------+--------+--------+-----+--------+

Top non-repeatable levels by time:
     D:1: 960 daAuts
     D:2: 789 daAuts
     D:3: 527 daAuts
